Map: [ESL] Hard Lead

Players

Spirit - Winner!

  • Race: Terran Terran
  • Spawn Location: 11:00

Harstem

  • Race: Protoss Protoss
  • Spawn Location: 5:00

Event: ESL SC2 Masters 2023 Winter (Regional)

VOD

Have the link to the VOD?

Description

Time

  • Played on: Nov. 16, 2023, 10:35 a.m.
  • Length: 8:48

All games in this series

Show
View Real Time Build Order
Export as new Build Order

Spirit Terran - Winner!

Build Orders:  

Get SALT Encoding   

  12  0:00  SCV  
  13  0:12  SCV  
  14  0:17  Supply Depot  
  14  0:24  SCV  
  15  0:38  SCV  
  15  0:40  Barracks  
  16  0:50  SCV  
  16  0:52  Refinery  
  17  1:03  SCV  
  18  1:07  Engineering Bay  
  18  1:15  SCV  
  19  1:29  Orbital Command, Marine  
  20  1:48  Barracks Reactor  
  20  1:56  Command Center, SCV  
  21  2:06  Supply Depot  
  21  2:08  SCV  
  22  2:15  Bunker  
  22  2:19  Factory  
  22  2:23  SCV  
  22  2:27  Marine x2  
  25  2:35  SCV  
  25  2:45  Marine x2  
  25  2:47  SCV  
  28  2:55  Barracks  
  27  2:59  SCV  
  27  3:03  Factory Tech Lab, Marine x2  
  30  3:10  Orbital Command  
  30  3:14  SCV  
  30  3:17  Refinery  
  31  3:26  SCV  
  32  3:28  Marine  
  32  3:31  Marine  
  35  3:42  Engineering Bay  
  35  3:45  Siege Tank  
  35  3:47  Barracks Tech Lab, Supply Depot  
  37  3:49  SCV  
  37  3:52  SCV  
  37  3:54  Marine  
  40  3:56  Marine  
  41  4:07  Combat Shield, Marine  
  42  4:12  Missile Turret, SCV  
  42  4:13  Marine  
  42  4:14  Marine  
  45  4:22  Siege Tank  
  48  4:29  Supply Depot  
  48  4:30  SCV  
  49  4:36  Marine  
  49  4:37  Marine  
  52  4:40  Marine  
  52  4:45  Supply Depot  
  52  4:54  Siege Tank  
  52  4:56  Marine  
  55  5:02  Starport  
  55  5:04  Marine  
  56  5:08  SCV  
  56  5:13  SCV  
  59  5:18  Reaper  
  59  5:19  Marine  
  59  5:20  Supply Depot  
  60  5:26  Siege Tank  
  63  5:30  Marine  
  64  5:36  Supply Depot  
  64  5:39  Viking  
  64  5:41  SCV  
  67  5:44  Marine  
  67  5:45  SCV  
  67  5:48  Marine  
  67  5:49  Marine  
  70  5:50  Orbital Command  
  71  5:58  Stimpack  
  71  6:01  SCV  
  71  6:02  Marine  
  73  6:12  Starport Reactor  
  73  6:13  Marine  
  73  6:14  SCV  
  73  6:16  SCV  
  76  6:19  Marine  
  76  6:25  Marine  
  74  6:26  SCV  
  74  6:28  SCV  
  74  6:35  Missile Turret  
  74  6:38  SCV  
  75  6:40  Terran Infantry Weapons Level 1, SCV  
  75  6:43  Refinery  
  76  6:49  Bunker  
  76  6:50  SCV  
  76  6:52  SCV  
  78  6:57  Supply Depot  
  78  6:59  Medivac  
  78  7:00  Medivac  
  82  7:02  SCV  
  82  7:04  SCV  
  84  7:14  SCV, Supply Depot  
  85  7:16  SCV  
  85  7:19  Refinery  
  85  7:20  Supply Depot  
  86  7:25  Barracks  
  86  7:26  SCV  
  86  7:28  SCV  
  86  7:29  Factory Reactor  
  88  7:32  Medivac, Supply Depot  
  90  7:38  SCV  
  90  7:40  SCV  
  90  7:41  Marauder, Marine  
  95  7:47  Supply Depot  
  95  7:48  Concussive Shells  
  95  7:50  SCV  
  96  7:52  SCV  
  96  7:56  Command Center  
  97  7:58  Marine  
  97  8:01  Supply Depot  
  97  8:02  SCV  
  97  8:03  Marauder  
  101  8:08  SCV  
  101  8:11  Barracks  
  101  8:12  Barracks  
  102  8:15  SCV  
  102  8:16  Marauder  
  105  8:20  SCV  
  105  8:24  Marauder  
  105  8:27  SCV  
Show
View Real Time Build Order
Export as new Build Order

Harstem Protoss 

Build Orders:  

Get SALT Encoding   

  12  0:00  Probe  
  13  0:12  Probe  
  14  0:18  Pylon  
  14  0:24  Probe  
  15  0:36  Gateway  
  15  0:38  Probe  
  16  0:50  Probe  
  16  0:51  Pylon  
  17  0:57  Assimilator  
  17  1:02  Probe  
  18  1:11  Gateway  
  19  1:23  Cybernetics Core  
  19  1:25  Probe  
  21  1:32  Zealot  
  21  1:37  Probe  
  22  1:49  Probe  
  23  1:55  Assimilator  
  23  1:59  Stalker (Chrono Boost)  
  25  2:07  Adept (Chrono Boost)  
  27  2:09  Probe  
  28  2:19  Stalker (Chrono Boost)  
  28  2:22  Probe  
  31  2:36  Pylon  
  31  2:43  Robotics Facility  
  31  2:55  Stalker  
  33  2:58  Warp Gate (Chrono Boost)  
  33  2:59  Gateway  
  33  3:10  Stalker  
  35  3:20  Pylon  
  35  3:36  Immortal (Chrono Boost)  
  39  3:47  Pylon  
  39  3:48  Sentry  
  41  4:12  Warp Prism (Chrono Boost)  
  43  4:31  Pylon  
  43  4:41  Zealot x2, Stalker  
  49  4:47  Immortal  
  53  5:00  Pylon  
  53  5:07  Stalker  
  55  5:08  Zealot  
  55  5:35  Nexus  
  55  5:37  Observer (Chrono Boost)  
  57  5:44  Robotics Bay  
  57  5:50  Probe  
  57  5:59  Sentry  
  57  6:02  Probe  
  60  6:14  Adept x2, Probe  
  65  6:25  Observer  
  65  6:26  Probe  
  65  6:32  Disruptor (Chrono Boost)  
  70  6:38  Probe  
  71  6:42  Pylon  
  71  6:44  Twilight Council  
  71  6:50  Probe x2  
  73  7:00  Disruptor (Chrono Boost)  
  73  7:02  Probe  
  73  7:03  Probe  
  79  7:14  Probe  
  79  7:15  Probe  
  81  7:26  Probe  
  81  7:27  Assimilator, Forge  
  81  7:29  Assimilator  
  82  7:31  Probe  
  83  7:38  Probe  
  83  7:43  Probe  
  85  7:44  Disruptor (Chrono Boost)  
  85  7:50  Probe  
  90  7:52  Pylon  
  90  7:53  Pylon  
  90  7:55  Probe  
  91  8:02  Probe  
  91  8:07  Probe  
  93  8:23  Observer  
  91  8:27  Stalker x2  
  91  8:30  Nexus  
Tags
 
Add a new tag
Caveats
  • Supply blocks, unpowered buildings, or Contaminate may cause inaccurate times.
  • Supply counts are checked every 10 seconds.